 Dungeon Crawl Stone Soup version 0.16.2-12-gd0ad4c3 (webtiles) character file.

205 tognito the Chopper (level 5, 0/48 HPs)
             Began as a Minotaur Berserker on Oct 4, 2015.
             Was a Believer of Trog.
             Slain by Grinder (5 damage)
             ... on level 3 of the Dungeon.
             The game lasted 00:04:47 (2330 turns).

tognito the Chopper (Minotaur Berserker)            Turns: 2330, Time: 00:04:47

Health: 0/48       AC:  4    Str: 22    XL:     5   Next: 53%
Magic:  2/2        EV: 13    Int: 10    God:    Trog [**....]
Gold:   42         SH:  0    Dex: 10    Spells: 0 memorised, 4 levels left

rFire  . . .     SeeInvis .     a - +0 hand axe
rCold  . . .     Clarity  .     b - +0 animal skin
rNeg   . . .     SustAb   .     (no shield)
rPois  .         Gourm    .     (helmet restricted)
rElec  .         Spirit   .     j - +0 cloak
rCorr  .         Warding  .     p - +0 pair of gloves
rMut   .         Stasis   .     (no boots)
MR     .....                    (no amulet)
Stlth  +.........               n - +6 ring of intelligence
                                h - +1 ring of evasion

@: not resistant to hostile enchantments, very unstealthy
A: retaliatory headbutt, horns 2
a: Burn Spellbooks, Berserk, Trog's Hand, Renounce Religion


You were on level 3 of the Dungeon.
You worshipped Trog.
Trog was pleased with you.
You were very hungry.

You visited 1 branch of the dungeon, and saw 3 of its levels.

You collected 42 gold pieces.

Inventory:

Hand weapons
 a - a +0 hand axe (weapon)
Missiles
 d - 7 tomahawks (quivered)
 q - 18 bolts
 r - 7 javelins
 s - 21 sling bullets
Armour
 b - a +0 animal skin (worn)
 j - a +0 cloak (worn)
 p - a +0 pair of gloves (worn)
Jewellery
 h - a +1 ring of evasion (left hand)
 k - an uncursed amulet of warding {unknown}
 n - a +6 ring of intelligence (right hand)
Magical devices
 m - a wand of teleportation (5)
Scrolls
 e - a scroll of enchant armour {unknown}
 f - 2 scrolls of magic mapping {unknown}
 g - a scroll of identify {unknown}
 l - 2 scrolls of random uselessness {unknown}
 o - a scroll of fog {unknown}
Potions
 t - a potion of heal wounds
Comestibles
 c - 2 bread rations
 i - a meat ration


   Skills:
 * Level 5.2 Fighting
 * Level 5.8 Axes
 + Level 0.4 Throwing
 + Level 2.6 Armour
 + Level 3.1 Dodging
 + Level 0.3 Stealth


You had 4 spell levels left.
You didn't know any spells.

Dungeon Overview and Level Annotations

Branches:
Dungeon (3/15)

Altars:

Annotations:
D:3 Grinder


Innate Abilities, Weirdness & Mutations

You reflexively headbutt those who attack you in melee.
You have a pair of horns on your head.


Message History

Grinder is lightly wounded.
Grinder hits you.
You writhe in agony.
You hit Grinder. You headbutt Grinder.
Grinder is moderately wounded.
Grinder hits you.
You writhe in agony.
You closely miss Grinder.
Grinder is moderately wounded.
Grinder gestures at you. Pain shoots through your body!
You completely miss Grinder. You headbutt Grinder!
Grinder is heavily wounded.
You hit Grinder.
Grinder is heavily wounded.
Grinder gestures at you. Pain shoots through your body!
* * * LOW HITPOINT WARNING * * *
You hit Grinder but do no damage.
Grinder is heavily wounded.
Grinder hits you.
You die...

.### #......#.#####. .#
#......#.# #. .#
#......#.# #. .#
#####.##.# ## .#
########.##.. .#
#.....##.#... .#######
#######.....##.#...
(......# #.....#.5...##.
.
.......###.....#@.....#.
....)....................
#......###.....#......#%
#......# #.....####...#
######## #...(.# ...#
#.....# ..# .......# .
.....### .....#


You could see Grinder.

Vanquished Creatures
  The ghost of Luxac the Poker, an average MiFi (D:3)
  3 gnolls (D:2)
  An adder (D:2)
  3 giant mites
  2 worms
  A giant gecko (D:2)
  A ball python (D:2)
  7 bats
  2 giant cockroaches
  2 goblins (D:1)
  6 hobgoblins
  4 jackals (D:1)
  A quokka (D:2)
  A giant newt (D:2)
  4 kobolds
  8 rats
47 creatures vanquished.

Notes
Turn   | Place    | Note
--------------------------------------------------------------
     0 | D:1      | tognito, the Minotaur Berserker, began the quest for the Orb.
     0 | D:1      | Reached XP level 1. HP: 19/19 MP: 1/1
   130 | D:1      | Reached XP level 2. HP: 16/27 MP: 1/1
   134 | D:1      | Reached skill level 4 in Fighting
   383 | D:1      | Acquired Trog's second power
   727 | D:1      | Reached XP level 3. HP: 30/33 MP: 2/2
  1294 | D:2      | Reached skill level 5 in Axes
  1294 | D:2      | Reached XP level 4. HP: 41/41 MP: 2/2
  1952 | D:3      | Noticed Luxac's ghost (average MiFi)
  1973 | D:3      | Killed Luxac's ghost
  1973 | D:3      | Reached skill level 5 in Fighting
  1973 | D:3      | Reached XP level 5. HP: 26/48 MP: 2/2
  2322 | D:3      | Noticed Grinder
  2330 | D:3      | Slain by Grinder

Action                   |  1- 3 |  4- 6 || total
-------------------------+-------+-------++-------
Melee: Hand axe          |    61 |    62 ||   123
Throw: Tomahawk          |       |     4 ||     4
Invok: Berserk           |     1 |     1 ||     2
  Use: Potion            |     3 |       ||     3
  Eat: Pizza             |     1 |       ||     1
       Chunk             |       |     3 ||     3
       Fruit             |       |     1 ||     1
